 Dungeon Crawl Stone Soup version 0.29.1-2-gbd0b4ee654 (webtiles) character file.

Game seed: 15781679464415781565

29 croobank the Conjurer (level 2, -1/22 HPs)
             Began as a Demigod Conjurer on Oct 28, 2022.
             Slain by an adder (4 damage)
             ... on level 1 of the Dungeon.
             The game lasted 00:03:00 (1277 turns).

croobank the Conjurer (Demigod Conjurer)            Turns: 1277, Time: 00:03:00

Health: -1/22      AC:  2    Str:  8    XL:     2   Next: 81%
Magic:  6/7        EV: 12    Int: 20    God:
Gold:   113        SH:  0    Dex: 12    Spells: 4/5 levels left

rFire   . . .      SeeInvis .   a - +0 short sword
rCold   + . .      Faith    .   (no shield)
rNeg    . . .      Spirit   .   c - +0 robe
rPois   .          Reflect  .   (no helmet)
rElec   .          Harm     .   (no cloak)
rCorr   .          Rampage  .   (no gloves)
Will    .....                   (no boots)
Stlth   ++........              (no amulet)
HPRegen 0.07/turn               l - ring of protection from cold
MPRegen 0.10/turn               (no ring)

@: lethally poisoned (-1 -> -9)
A: high MP 1, forlorn, divine attributes
a: no special abilities


You were on level 1 of the Dungeon.
You visited 1 branch of the dungeon, and saw 2 of its levels.

You collected 113 gold pieces.

Inventory:

Hand Weapons
 a - a +0 short sword (weapon)
 b - a +0 sling
Armour
 c - a +0 robe (worn)
 m - a +0 ring mail
Magical Staves
 j - a staff of earth
Jewellery
 l - a ring of protection from cold (left hand)
Scrolls
 d - a scroll of identify {unknown}
 e - a scroll of butterflies {unknown}
 h - a scroll of teleportation {unknown}
 i - a scroll of amnesia {unknown}
 k - a scroll of magic mapping {unknown}
 n - a scroll of noise {unknown}
 o - 3 scrolls of blinking {unknown}
Potions
 f - 4 potions of curing {unknown}
 g - a potion of magic


   Skills:
 + Level 0.7 Fighting
 + Level 2.1 Dodging
 + Level 2.2 Stealth
 + Level 2.1 Spellcasting
 + Level 3.8 Conjurations


You had 4 spell levels left.
You knew the following spells:

 Your Spells              Type           Power      Damage    Failure   Level
a - Magic Dart            Conj           68%        1d6       3%          1

Your spell library contained the following spells:

 Spells                   Type           Power      Damage    Failure   Level
 Searing Ray              Conj           34%        2d5       4%          2
 Dazzling Flash           Conj/Hex       18%        N/A       22%         3
 Fulminant Prism          Conj/Hex       4%         3d6       56%         4
 Iskenderun's Mystic Bla  Conj/Tloc      9%         2d4       56%         4


Dungeon Overview and Level Annotations

Branches:
Dungeon (2/15)


Innate Abilities, Weirdness & Mutations

You have an increased reservoir of magic. (+10% MP)
You shall have no god before yourself.
Your divine heritage dramatically boosts your attributes as you level up.


Message History

The jackal barks!
The goblin shouts!
You hear an angry hiss.
The ball python hisses angrily.
You hear a shout!
A kobold comes into view. It is wielding a +0 dagger.
The goblin closely misses you.
You climb upwards.
There is a stone staircase leading down here.
You barely miss the goblin. The goblin hits you but does no damage.
You hit the goblin.
You kill the goblin!
You see here a +0 club.
There is a stone staircase leading down here.
You climb downwards.
The jackal barely misses you. The adder completely misses you.
The adder bites you. The jackal barely misses you. The adder bites you.
You are poisoned.
The adder poisons you! The rat bites you.
The adder bites you but does no damage.
There is a stone staircase leading up here.
You feel sick. The jackal misses you. The adder misses you.
The adder bites you. The rat barely misses you.
The jackal bites you but does no damage.
You climb upwards.
You feel sick.
There is a stone staircase leading down here.
Casting: Magic Dart (safe; 3% risk of failure)
Confirm with . or Enter, or press ? or * to list all spells.
Aiming: Magic Dart (safe; 3% risk of failure)
Press: ? - help, Shift-Dir - straight line, f - jackal
Aim: a jackal (100% to hit)
The magic dart hits the jackal.
The jackal is severely wounded.
You feel sick. The adder bites you.
You are lethally poisoned!
The adder poisons you! The adder bites you.
* * * LOW HITPOINT WARNING * * *
The jackal bites you.
* * * LOW HITPOINT WARNING * * *
The rat bites you.
* * * LOW HITPOINT WARNING * * *
The adder bites you.
You die...

#...###.## #.# ###.####.# #.#
#...###############.#
###...............#.# ######
###)#########.....#
.....######..######.......#
....................##....#######
.....######..####S..###.####.....
...............h@r...........####
.....####......##S#.###.###..# #
.....# #.......#.#.# #.# #..# #
.....# #.......#.#.# #.# #..# #
.....# #.......#.#.# #.# #..# #
###### #.......#.#.# #.# #..# #
#######[#.#.# #.# #..# #
#.#.#.###.# #..#### #.#.#...#.#
#......


You could see 2 adders, a jackal and a rat.

Vanquished Creatures
  A dart slug (D:1)
  2 endoplasms (D:1)
  4 goblins (D:1)
  8 hobgoblins (D:1)
  3 ball pythons (D:1)
  A frilled lizard (D:1)
  4 kobolds (D:1)
  A rat (D:1)
24 creatures vanquished.

Notes
Turn   | Place    | Note
-------+----------+-------------------------------------------
     0 | D:1      | croobank the Demigod Conjurer began the quest for the Orb.
     0 | D:1      | Reached XP level 1. HP: 14/14 MP: 5/5
   467 | D:1      | Reached XP level 2. HP: 22/22 MP: 7/7
  1277 | D:1      | Slain by an adder

Illustrated notes

Levels and vault maps discovered:
D:1:      minmay_arrival_pointy, layout_basic,
          hellmonk_ecumenical_altar_pennies_from_heaven, minmay_small_reverse_x
D:2:      layout_rooms, st_stairs_13, columned_hall_lemuel,
          minmay_tiny_reverse_x

Skill      XL: |  1  2 |
---------------+-------+-----
Stealth        | 2 |  2.2
Dodging        | 2 |  2.1
Spellcasting   | 2 |  2.1
Fighting       | |  0.7
Conjurations   | |  3.8

Action                   || total
-------------------------++-------
Melee: Short sword       ||    21
 Fire: Sling             ||     4
 Cast: Magic Dart        ||    29
 Stab: Sleeping          ||     6
Armor: Robe              ||     5
Dodge: Dodged            ||    18
